 Dungeon Crawl Stone Soup version 0.28-a0-1429-gf3d713df7a (webtiles) character file.

Game seed: 18388544559400513950

681 karrick the Cudgeller (level 7, -2/44 HPs)
             Began as a Gargoyle Fighter on Jan 9, 2022.
             Blown up by Ijyb (10 damage)
             ... with a mindburst bolt
             ... on level 5 of the Dungeon.
             The game lasted 00:04:12 (4089 turns).

karrick the Cudgeller (Gargoyle Fighter)            Turns: 4089, Time: 00:04:12

Health: -2/44      AC: 16    Str: 20    XL:     7   Next: 61%
Magic:  7/7        EV: 10    Int:  8    God:
Gold:   163        SH:  5    Dex: 11    Spells: 6/6 levels left

rFire   + . .      SeeInvis .   a - +0 flail
rCold   . . .      Faith    .   c - +0 buckler
rNeg    + . .      Spirit   .   b - +0 scale mail
rPois   ∞          Reflect  .   (no helmet)
rElec   +          Harm     .   n - +0 cloak
rCorr   .          Rampage  .   i - +2 pair of gloves
Will    .....                   (no boots)
Stlth   ..........              (no amulet)
HPRegen 0.14/turn               s - ring of protection from fire
MPRegen 0.10/turn               (no ring)

@: no status effects
A: sickness immunity, AC +4, negative energy resistance 1, electricity
resistance, torment resistance 1, petrification resistance
a: no special abilities


You were on level 5 of the Dungeon.
You visited 1 branch of the dungeon, and saw 5 of its levels.

You collected 163 gold pieces.

Inventory:

Hand Weapons
 a - a +0 flail (weapon)
Armour
 b - a +0 scale mail (worn)
 c - a +0 buckler (worn)
 i - a +2 pair of gloves (worn)
 n - a +0 cloak (worn)
Jewellery
 s - a ring of protection from fire (left hand)
Wands
 t - a wand of polymorph (9)
Scrolls
 f - a scroll of enchant weapon {unknown}
 g - a scroll of amnesia {unknown}
 j - a scroll of summoning {unknown}
 l - a scroll of immolation {unknown}
 o - 3 scrolls of teleportation {unknown}
 p - a scroll of vulnerability {unknown}
 q - a scroll of torment {unknown}
 v - 2 scrolls of magic mapping {unknown}
 w - a scroll of enchant armour {unknown}
 x - a scroll of fog {unknown}
Potions
 d - a potion of might
 e - a potion of invisibility {unknown}
 h - 6 potions of curing {unknown}
 k - a potion of berserk rage {unknown}
 m - a potion of brilliance {unknown}
 r - 2 potions of attraction {unknown}
 u - a potion of flight {unknown}


   Skills:
 + Level 4.3 Fighting
 + Level 5.6 Maces & Flails
 + Level 4.9 Armour
 + Level 2.1 Dodging
 + Level 1.0 Stealth
 + Level 4.5 Shields


You had 6 spell levels left.
You didn't know any spells.
Your spell library contained the following spells:

 Spells                   Type           Power      Damage    Failure   Level
 Passage of Golubria      Tloc           0%         N/A       100%        4
 Silence                  Hex/Air        0%         N/A       100%        5
 Lehudib's Crystal Spear  Conj/Erth      0%         10d2      100%        8


Dungeon Overview and Level Annotations

Branches:
Dungeon (5/15)
 Temple: D:4-7

Altars:
Uskayaw
Xom
Zin

Annotations:
D:5 Ijyb


Innate Abilities, Weirdness & Mutations

You are immune to sickness and miasma.
Your stone body is resilient. (AC +4)
You are immune to poison.
You resist negative energy. (rN+)
You are resistant to electric shocks. (rElec)
You are resistant to unholy torment.
You are immune to petrification.


Message History

Ijyb is heavily wounded.
Ijyb zaps a wand.
You struggle to resist.
You hit Ijyb.
Ijyb is severely wounded.
Ijyb zaps a wand.
Your mind is blasted!
You hit Ijyb.
Ijyb is almost dead.
Ijyb zaps a wand.
Your mind is blasted!
* * * LOW HITPOINT WARNING * * *
You are too injured to fight recklessly!
You are too injured to fight recklessly!
You are too injured to fight recklessly!
You are too injured to fight recklessly!
You are too injured to fight recklessly!
You are too injured to fight recklessly!
You are too injured to fight recklessly!
You are too injured to fight recklessly!
You are too injured to fight recklessly!
You are too injured to fight recklessly!
You are too injured to fight recklessly!
You are too injured to fight recklessly!
You are too injured to fight recklessly!
You are too injured to fight recklessly!
You are too injured to fight recklessly!
You are too injured to fight recklessly!
You are too injured to fight recklessly!
You are too injured to fight recklessly!
You are too injured to fight recklessly!
You are too injured to fight recklessly!
You are too injured to fight recklessly!
You barely miss Ijyb.
Ijyb is almost dead.
Ijyb misses you. Ijyb hits you but does no damage.
You barely miss Ijyb.
Ijyb is almost dead.
Ijyb hits you but does no damage.
You closely miss Ijyb.
Ijyb is almost dead.
Ijyb zaps a wand.
Your mind is blasted!
You die...

..# #..# ..####
#..# .....# #..#
.....####..#####.#
...#.............#
....#####..######
..### #..#######
..# #........# ..#
#.######@# ...
...# #g# .# #####
#.# #.# #.# #.#
#.# #.#


You could see Ijyb.

Vanquished Creatures
  Prince Ribbit (D:5)
  A centaur (D:5)
  A phantom (D:5)
  A scorpion (D:4)
  An orc priest (D:3)
  2 iguanas (D:5)
  An orc wizard (D:3)
  A hound zombie (D:5)
  9 adders
  3 dart slugs
  3 orcs (D:3)
  5 ball pythons
  6 endoplasms
  4 giant cockroaches
  5 goblins
  9 hobgoblins
  4 jackals (D:3)
  4 kobolds
  7 quokkas
  8 bats
  4 frilled lizards
  7 rats
87 creatures vanquished.

Vanquished Creatures (others)
  5 plants (D:3)
5 creatures vanquished.

Grand Total: 92 creatures vanquished

Notes
Turn   | Place    | Note
-------+----------+-------------------------------------------
     0 | D:1      | karrick the Gargoyle Fighter began the quest for the Orb.
     0 | D:1      | Reached XP level 1. HP: 14/14 MP: 1/1
   174 | D:1      | Reached XP level 2. HP: 19/19 MP: 2/2
   916 | D:2      | Reached XP level 3. HP: 22/23 MP: 3/3
  1067 | D:2      | Reached XP level 4. HP: 29/29 MP: 4/4
  1113 | D:2      | Found a faded altar of an unknown god.
  1151 | D:2      | Found a hide-covered altar of Uskayaw.
  1282 | D:2      | Reached skill level 3 in Maces & Flails
  1662 | D:3      | Reached XP level 5. HP: 33/33 MP: 5/5
  1681 | D:3      | Reached skill level 1 in Dodging
  2750 | D:4      | Found a hide-covered altar of Uskayaw.
  2768 | D:4      | Reached skill level 4 in Maces & Flails
  2797 | D:4      | Reached XP level 6. HP: 28/38 MP: 6/6
  3145 | D:4      | Found a shimmering altar of Xom.
  3414 | D:5      | Entered Level 5 of the Dungeon
  3460 | D:5      | Noticed Prince Ribbit
  3500 | D:5      | Killed Prince Ribbit
  3501 | D:5      | Reached skill level 5 in Maces & Flails
  3501 | D:5      | Reached XP level 7. HP: 22/43 MP: 7/7
  3791 | D:5      | Found a glowing silver altar of Zin.
  3855 | D:5      | Reached skill level 1 in Stealth
  4078 | D:5      | Noticed Ijyb
  4089 | D:5      | Blown up by Ijyb

Illustrated notes

Levels and vault maps discovered:
D:1:      minmay_arrival_four_circles, layout_basic
D:2:      minmay_door_path, layout_basic,
          hellmonk_ecumenical_altar_heavens_door, basic_altar, minmay_circle_x
D:3:      layout_basic, serial_bayou, serial_bayou_pond_e,
          serial_bayou_crossing, serial_bayou_pond_b, serial_bayou_pond_e,
          kennysheep_generic_room_4
D:4:      layout_cave_pods, mainiacjoe_overflow_catch_the_wave
D:5:      layout_loops_ring, lemuel_round_altar, serial_bayou_pond_e,
          uniq_prince_ribbit1, uniq_ijyb

Skill      XL: |  1  2  3  4  5  6  7 |
---------------+----------------------+-----
Maces & Flails | 3 4 5 |  5.6
Shields        | 4 |  4.5
Dodging        | 1 2 |  2.1
Armour         | 4 |  4.9
Fighting       | 4 |  4.3
Stealth        | 1 |  1.0

Action                   |  1- 3 |  4- 6 |  7- 9 || total
-------------------------+-------+-------+-------++-------
Melee: Flail             |   115 |   174 |    70 ||   359
Armor: Scale mail        |    91 |   113 |    37 ||   241
Dodge: Dodged            |    58 |   104 |    48 ||   210
Block: Buckler           |    34 |    63 |    21 ||   118

Table legend: (Time is in decaauts)
 A = Elapsed time spent in this place.
 B = Non-inter-level travel time spent in this place.
 C = Inter-level travel time spent in this place.
 D = Time resting spent in this place.
 E = Time spent auto-exploring this place.
 F = Levels seen in this place.
 G = Mean time per level.
                   A        B        C        D        E       F      G
               +--------+--------+--------+--------+--------+-----+--------+
         Total |   4191 |   4086 |    105 |      0 |   3327 |   5 |  838.2 |
       Dungeon |   4191 |   4086 |    105 |      0 |   3327 |   5 |  838.2 |
               +--------+--------+--------+--------+--------+-----+--------+

Top non-repeatable levels by time:
     D:4: 981 daAuts
     D:1: 908 daAuts
     D:3: 878 daAuts
     D:2: 729 daAuts
     D:5: 694 daAuts
